 Dungeon Sprint DCSS version 0.24.0-125-gc4c63601f3 (webtiles) character file.

Game seed: 13148456393471871230, levelgen mode: deterministic

4300000 Ponchio the Axe Maniac (level 24, -29/249 HPs)
             Began as a Hill Orc Chaos Knight on Mar 4, 2020.
             Was a Favourite Plaything of Xom.
             Annihilated by a bag of meat
             ... wielding a +9 war axe
              (36 damage)
             ... in the Dungeon (Sprint VIII: "Arena of Blood").
             The game lasted 00:05:32 (43 turns).

Ponchio the Axe Maniac (Hill Orc Chaos Knight)        Turns: 43, Time: 00:05:34

Health: -29/249    AC:  8    Str: 23    XL:     24   Next: 18%
Magic:  20/54      EV: 33    Int: 12    God:    Xom [..*...]
Gold:   0          SH:  0    Dex: 18    Spells: 77/77 levels left

rFire    . . .     SeeInvis .   j - +∞ Axe of Woe
rCold    . . .     Gourm    .   (shield currently unavailable)
rNeg     . . .     Faith    .   b - +2 leather armour
rPois    .         Spirit   .   (no helmet)
rElec    .         Reflect  .   (no cloak)
rCorr    .         Harm     .   (no gloves)
MR       +....     NoTele   +   (no boots)
Stlth    +++++++++.             (no amulet)
HPRegen  0.51/turn              (no ring)
MPRegen  0.34/turn              (no ring)

@: mighty, hasted, very quick
A: no striking features
a: Renounce Religion


You were in the Dungeon.
You worshipped Xom.
You were a toy of Xom.
You were not hungry.

You visited 1 branch

Inventory:

Hand Weapons
 a - a +0 hand axe of chaos
 j - the +∞ Axe of Woe (weapon)
   (You found it in the Dungeon)
Armour
 b - a +2 leather armour (worn)
Scrolls
 i - a scroll of blinking
Potions
 d - a potion of curing
 g - 2 potions of magic
 h - a potion of berserk rage
Comestibles
 c - a ration


   Skills:
 O Level 27 Fighting
 O Level 27 Axes
 O Level 27 Throwing
 O Level 27 Armour
 O Level 27 Dodging
 O Level 27 Stealth
 O Level 27 Unarmed Combat
 O Level 27 Spellcasting


You had 77 spell levels left.
You didn't know any spells.
Your spell library was empty.

Dungeon Overview and Level Annotations

Branches:
Dungeon (1/1)

Altars:
Makhleb


Message History

You hear a shout! x3
A destroyer comes into view.
It is wielding a +9 great sword of slicing.
You hear a shout! x3
The destroyer shouts!
You slice the bag of meat!!
You butcher the bag of meat messily.
You kill the bag of meat!
You are engulfed in blazing flames.
* * * LOW HITPOINT WARNING * * *
You hear a shout! x4
You are engulfed in blazing flames.
* * * LOW HITPOINT WARNING * * *
You hear a shout! x7
Items here: ))))) ===== †††† 2 skeletal warriors come into view.
You hear a shout! x2
A meat berserker comes into view. It is wielding a +9 battleaxe.
You hear a shout! x3
The bag of meat hits you with a +9 war axe!!!
You die...
Xom titters!

#V. .# #%.. .V# .
.###... ..###.
........###..%.%.
#.. %.%.☼§.....
.... #§§§§§#
O.... #§§§§§#
......#.§§☼.#..
#.....o@§§§.%...
......%.###......
...###... %.###.
z. #.... .%#
#..... .#
...z.....
.........
..........


You could see a destroyer, 2 sculptors of flesh, a meat berserker (berserk) and
a bag of meat.

Vanquished Creatures
  4 vampire knights (D)
  5 ogres (D)
  4 two-headed ogres (D)
  17 orcs (D)
30 creatures vanquished.

Notes
Turn   | Place    | Note
-------+----------+-------------------------------------------
     0 | D        | Found the +∞ Axe of Woe
     0 | D        | Ponchio the Hill Orc Chaos Knight began the quest for the
                  | Orb.
     0 | D        | Reached XP level 1. HP: 19/19 MP: 1/1
     1 | D        | Noticed a bag of meat
     2 | D        | Noticed a bag of meat
     2 | D        | Noticed a bag of meat
     2 | D        | Noticed a bag of meat
     3 | D        | Noticed a bag of meat
     5 | D        | Noticed a bag of meat
     5 | D        | Noticed a bag of meat
     5 | D        | Noticed a bag of meat
     5 | D        | Noticed a bag of meat
     7 | D        | Noticed a meat berserker
     8 | D        | Killed a bag of meat
     8 | D        | Reached XP level 2. HP: 55/55 MP: 2/2
     8 | D        | Reached XP level 3. HP: 62/62 MP: 3/3
     8 | D        | Reached XP level 4. HP: 70/70 MP: 4/4
     8 | D        | Reached XP level 5. HP: 77/77 MP: 5/5
     8 | D        | Reached XP level 6. HP: 85/85 MP: 6/6
     8 | D        | Reached XP level 7. HP: 92/92 MP: 7/7
     8 | D        | Reached XP level 8. HP: 100/100 MP: 8/8
     8 | D        | Reached XP level 9. HP: 107/107 MP: 9/9
     8 | D        | Reached XP level 10. HP: 115/115 MP: 10/10
     8 | D        | Reached XP level 11. HP: 123/123 MP: 11/11
     8 | D        | Reached XP level 12. HP: 130/130 MP: 12/12
     9 | D        | Killed a meat berserker
     9 | D        | Reached XP level 13. HP: 148/148 MP: 13/13
     9 | D        | Reached XP level 14. HP: 157/157 MP: 14/14
     9 | D        | XOM: potion effect (might)
     9 | D        | Noticed a bag of meat
    10 | D        | Noticed a bag of meat
    11 | D        | Killed a bag of meat
    11 | D        | Killed a bag of meat
    11 | D        | Reached skill level 27 in Axes
    11 | D        | Reached XP level 15. HP: 173/173 MP: 15/15
    11 | D        | Reached skill level 27 in Fighting
    12 | D        | Noticed a meat berserker
    13 | D        | Reached XP level 16. HP: 183/183 MP: 16/16
    14 | D        | Reached skill level 27 in Dodging
    14 | D        | Reached skill level 5 in Armour
    15 | D        | Reached XP level 17. HP: 191/191 MP: 16/26
    15 | D        | Noticed a meat berserker
    18 | D        | Noticed a meat berserker
    19 | D        | Noticed a meat berserker
    20 | D        | Killed a meat berserker
    20 | D        | Reached skill level 10 in Spellcasting
    20 | D        | Reached XP level 18. HP: 200/200 MP: 16/32
    23 | D        | Killed a meat berserker
    23 | D        | Reached skill level 15 in Throwing
    23 | D        | Reached skill level 15 in Stealth
    24 | D        | Noticed a large bag of meat
    25 | D        | Noticed a destroyer
    25 | D        | Reached XP level 19. HP: 207/207 MP: 17/37
    27 | D        | Killed a meat berserker
    27 | D        | Reached skill level 15 in Spellcasting
    27 | D        | Killed a meat berserker
    27 | D        | Killed a destroyer
    27 | D        | Reached XP level 20. HP: 181/216 MP: 17/42
    27 | D        | Noticed a large bag of meat
    28 | D        | Noticed a large bag of meat
    29 | D        | Noticed a large bag of meat
    29 | D        | Noticed a destroyer
    33 | D        | Killed a large bag of meat
    33 | D        | Reached XP level 21. HP: 157/224 MP: 18/44
    33 | D        | XOM: potion effect (curing)
    34 | D        | Killed a large bag of meat
    34 | D        | Reached skill level 27 in Armour
    34 | D        | Reached skill level 27 in Unarmed Combat
    34 | D        | Noticed a destroyer
    35 | D        | Killed a large bag of meat
    35 | D        | Reached XP level 22. HP: 89/233 MP: 18/48
    35 | D        | Noticed a destroyer
    37 | D        | Killed a destroyer
    37 | D        | Reached skill level 27 in Throwing
    37 | D        | Reached skill level 27 in Stealth
    37 | D        | Reached skill level 27 in Spellcasting
    38 | D        | Killed a destroyer
    38 | D        | Reached XP level 23. HP: 77/240 MP: 19/54
    38 | D        | Killed a destroyer
    39 | D        | Noticed a destroyer
    40 | D        | Killed a large bag of meat
    40 | D        | Reached XP level 24. HP: 35/249 MP: 19/54
    40 | D        | Noticed a destroyer
    42 | D        | HP: 6/249 [something (10)]
    43 | D        | Annihilated by a bag of meat

Levels and vault maps discovered:
D:        meatsprint

Skill      XL: |  1  2  3  4  5  6  7  8  9 10 11 12 13 14 15 16 17 18 19 20 21 22 |
---------------+-------------------------------------------------------------------+-----
Fighting       | 19 23 26 27 | 27.0
Axes           | 20 25 27 | 27.0
Dodging        | 14 17 20 24 27 | 27.0
Throwing       | 7 12 16 21 22 26 27 | 27.0
Armour         | 9 14 19 24 26 27 | 27.0
Stealth        | 7 12 16 21 22 26 27 | 27.0
Unarmed Combat | 8 14 19 24 26 27 | 27.0
Spellcasting   | 6 10 14 18 19 22 27 | 27.0

Action                   |  1- 3 |  4- 6 |  7- 9 | 10-12 | 13-15 | 16-18 | 19-21 | 22-24 || total
-------------------------+-------+-------+-------+-------+-------+-------+-------+-------++-------
Melee: Executioner's axe |     1 |       |       |     1 |     2 |     6 |     5 |     5 ||    20
  Use: Potion            |     1 |       |       |       |       |       |       |     1 ||     2
